 Dungeon Crawl Stone Soup version 0.27-a0-1136-g0b992a5a9d (webtiles) character file.

Game seed: 6213198283428797234

65 Zeld the Chucker (level 4, -2/31 HPs)
             Began as an Octopode Fighter on May 4, 2021.
             Slain by Robin
             ... wielding a +3 mace
              (13 damage)
             ... on level 1 of the Dungeon.
             The game lasted 00:04:52 (1595 turns).

Zeld the Chucker (Octopode Fighter)                 Turns: 1595, Time: 00:04:53

Health: -2/31      AC:  1    Str: 16    XL:     4   Next: 14%
Magic:  4/4        EV: 11    Int: 10    God:
Gold:   54         SH:  8    Dex: 11    Spells: 3/3 levels left

rFire    . . .     SeeInvis +   a - +0 war axe
rCold    . . .     Faith    .   b - +0 kite shield
rNeg     . . .     Spirit   .   (helmet restricted)
rPois    .         Reflect  .   (no amulet)
rElec    .         Harm     .   e - ring of see invisible
rCorr    .         Rampage  .   (no ring)
Will     .....                  (no ring)
Stlth    ++........             (no ring)
HPRegen  0.10/turn              (no ring)
MPRegen  0.09/turn              (no ring)
                                (no ring)
                                (no ring)

@: no status effects
A: almost no armour, amphibious, 8 rings, camouflage 1, gelatinous body 1,
(nimble swimmer 1), tentacles
a: no special abilities


You were on level 1 of the Dungeon.
You visited 1 branch of the dungeon, and saw 2 of its levels.

You collected 54 gold pieces.

Inventory:

Hand Weapons
 a - a +0 war axe (weapon)
Missiles
 d - 13 boomerangs (quivered)
Armour
 b - a +0 kite shield (worn)
Jewellery
 e - a ring of see invisible (left tentacle)
 n - a +6 ring of dexterity
Wands
 i - a wand of polymorph (7)
Scrolls
 f - 2 scrolls of teleportation {unknown}
 g - a scroll of identify {unknown}
 h - a scroll of immolation {unknown}
 j - a scroll of fear {unknown}
 l - a scroll of blinking {unknown}
Potions
 c - a potion of might
 k - a potion of flight {unknown}
 m - a potion of attraction {unknown}


   Skills:
 - Level 3.0 Fighting
 - Level 2.0 Axes
 * Level 3.5 Throwing
 - Level 3.0 Dodging
 - Level 3.0 Shields


You had 3 spell levels left.
You didn't know any spells.
Your spell library was empty.

Dungeon Overview and Level Annotations

Branches:
Dungeon (2/15)

Altars:
Zin

Annotations:
D:1 Robin


Innate Abilities, Weirdness & Mutations

You cannot wear most types of armour.
You are amphibious.
You can wear up to eight rings at the same time.
Your skin changes colour to match your surroundings (Stealth+).
Your rubbery body absorbs attacks. (AC +1, EV +1)
((You are camouflaged near water. (Stealth+)))
You have tentacles for arms and can constrict up to eight enemies at once.


Message History

Things that are here:
a +0 dagger; a goblin corpse
There is a stone staircase leading down here.
You climb downwards.
Level annotation: Robin Robin roars a battlecry!
The goblins go into a battle-frenzy!
The goblin unwields a +0 hunting sling.
The goblin wields a +0 dagger.
You block the goblin's attack.
There is a stone staircase leading up here.
You miss the goblin. Your grab misses the goblin. You squeeze the goblin.
You kill the goblin!
The hobgoblin barely misses you.
Robin roars a battlecry!
The goblins go into a battle-frenzy!
You climb upwards.
There is a stone staircase leading down here.
Your shield prevents you from hitting Robin.
Your grab misses Robin. You hit the hobgoblin.
The hobgoblin closely misses you. Robin hits you with a +3 mace.
You block the hobgoblin's attack.
Unknown command.
You barely miss the hobgoblin. Your grab misses the hobgoblin.
The hobgoblin is severely wounded.
You closely miss Robin. You block Robin's attack. The hobgoblin hits you.
Robin hits you with a +3 mace! The hobgoblin hits you.
Unknown command.
You are too injured to fight recklessly!
Press: ? - help, v - describe, . - travel, g - get item
Here: Robin, wielding a +3 mace, wearing a +0 animal skin and wearing a +0 helmet Item here: a +0 club.
The floor.
You hit Robin but do no damage. Your grab misses Robin. You hit the hobgoblin.
You kill the hobgoblin!
You block Robin's attack.
Unknown command.
You hit Robin. Your grab misses Robin. You squeeze Robin.
Robin is heavily wounded.
Robin hits you with a +3 mace!
You die...

......##..##.#......##.#
#####..#
####.#_..##.........##.#
#.......
#..#..##......##.##†###.###.##
########.##.#.............#.##
#.##.###########.#.#.##
###†##.###### #.......
###...##......# ##......
#......######.#### #..####
#.#.##.# #@).....# #..####
#.#..#.# #g).....# #....##
#.##.#.# #.......# #.##.##
#.##.#.# #.......# #.##.##
#......# #.......# #......
####.### #.......# ##(..## #.#
#.......## #.### #.#
##.......# #.# ##.## #.#####.#
#.#


You could see Robin.

Vanquished Creatures
  Jessica (D:2)
  3 bats
  2 endoplasms (D:2)
  4 giant cockroaches
  4 goblins
  4 hobgoblins
  7 kobolds
  5 ball pythons
  3 frilled lizards (D:1)
  2 rats (D:2)
35 creatures vanquished.

Notes
Turn   | Place    | Note
-------+----------+-------------------------------------------
     0 | D:1      | Zeld the Octopode Fighter began the quest for the Orb.
     0 | D:1      | Reached XP level 1. HP: 16/16 MP: 1/1
   177 | D:1      | Reached skill level 1 in Throwing
   206 | D:1      | Reached XP level 2. HP: 21/21 MP: 2/2
   355 | D:1      | Found a faded altar of an unknown god.
   861 | D:2      | Found a glowing silver altar of Zin.
   861 | D:2      | Noticed Jessica
   865 | D:2      | Killed Jessica
   866 | D:2      | Reached XP level 3. HP: 26/26 MP: 3/3
  1399 | D:2      | Reached XP level 4. HP: 30/31 MP: 4/4
  1412 | D:2      | Noticed Robin
  1595 | D:1      | Slain by Robin

Illustrated notes

Levels and vault maps discovered:
D:1:      ebering_trefoil_3fold, layout_loops_cross,
          ebering_ecumenical_altar_rust
D:2:      layout_rooms, basic_altar, uniq_jessica, uniq_robin

Skill      XL: |  1  2 |
---------------+-------+-----
Throwing       | 1 3 |  3.5
Fighting       | |  3.0
Axes           | |  2.0
Dodging        | |  3.0
Shields        | |  3.0

Action                   |  1- 3 |  4- 6 || total
-------------------------+-------+-------++-------
Melee: War axe           |    47 |    10 ||    57
       Constrict         |    16 |     1 ||    17
       Tentacles         |     5 |     4 ||     9
Throw: Boomerang         |     3 |       ||     3
 Stab: Sleeping          |     4 |       ||     4
Armor: Skin              |     6 |     1 ||     7
Dodge: Dodged            |    13 |     9 ||    22
Block: Kite shield       |    25 |     9 ||    34

Table legend: (Time is in decaauts)
 A = Elapsed time spent in this place.
 B = Non-inter-level travel time spent in this place.
 C = Inter-level travel time spent in this place.
 D = Time resting spent in this place.
 E = Time spent auto-exploring this place.
 F = Levels seen in this place.
 G = Mean time per level.
                   A        B        C        D        E       F      G
               +--------+--------+--------+--------+--------+-----+--------+
         Total |   1632 |   1604 |     28 |    129 |   1211 |   2 |  816.0 |
       Dungeon |   1632 |   1604 |     28 |    129 |   1211 |   2 |  816.0 |
               +--------+--------+--------+--------+--------+-----+--------+

Top non-repeatable levels by time:
     D:1: 1024 daAuts
     D:2: 608 daAuts
